 Dungeon Crawl Stone Soup version 0.32-a0-818-gb728d0252e (webtiles) character file.

Game seed: 18202516943067359798

7114 cforsyth the Thaumaturge (level 10, -2/50 (54) HPs)
             Began as a Deep Elf Summoner on Mar 24, 2024.
             Was a Follower of Sif Muna.
             Slain by a spectral orc knight
             ... wielding a +0 halberd
             ... summoned by Nergalle
              (5 damage)
             ... on level 10 of the Dungeon.
             The game lasted 00:31:22 (11934 turns).

cforsyth the Thaumaturge (Deep Elf Summoner)       Turns: 11934, Time: 00:31:23

HP:   -2/50 (54)    AC: 15    Str:  5    XL:     10   Next: 85%
MP:   35/39         EV: 10    Int: 25    God:    Sif Muna [*.....]
Gold: 520           SH:  0    Dex: 26    Spells: 23/37 levels left

rFire   . . .        k - +9 war axe of Equivalence {flame, Dex+8}
rCold   . . .        (no shield)
rNeg    . . .        h - +0 ring mail of Womilu {rPois Will+ Dex+3}
rPois   +            x - +2 helmet
rElec   .            D - +1 cloak
rCorr   .            n - +0 pair of gloves
SInv    .            (no boots)
Will    +++..        s - amulet of regeneration
Stlth   ++           M - ring of magical power
HPRegen 1.08/turn    t - +4 ring of protection
MPRegen 0.26/turn

%: no passive effects
@: enlightened, flying, drained, inugami summoned
A: no striking features
a: Renounce Religion, Channel Magic


You were on level 10 of the Dungeon.
You worshipped Sif Muna.
Sif Muna was aware of your devotion.
You visited 2 branches of the dungeon, and saw 11 of its levels.
You also visited: Bailey.

You collected 520 gold pieces.


   Skills:
 + Level 2.7 Fighting
 + Level 4.9 Dodging
 - Level 2.4 Stealth
 - Level 14.0 Spellcasting
 - Level 12.0 Summonings
 - Level 5.0 Fire Magic
 + Level 3.7 Air Magic


You had 23 spell levels left.
You knew the following spells:

 Your Spells              Type           Power      Damage    Failure   Level
c - Call Imp              Summ           100%       N/A       1%          2
f - Call Canine Familiar  Summ           67%        N/A       1%          3
l - Summon Lightning Spi  Summ/Air       54%        N/A       6%          4
z - Summon Small Mammal   Summ           100%       N/A       1%          1
X - Summon Blazeheart Go  Fire/Summ      57%        N/A       4%          4

Your spell library contained the following spells:

 Spells                   Type           Power      Damage    Failure   Level
 Cigotuvi's Dreadful Rot  Necr/Alch/Air  46%        N/A       14%         2
 Kiss of Death            Conj/Necr      68%        2d10      16%         1
 Lesser Beckoning         Tloc           34%        N/A       24%         2
 Confusing Touch          Hex            17%        N/A       43%         3
 Gell's Gravitas          Tloc           17%        N/A       43%         3
 Sigil of Binding         Hex            17%        N/A       43%         3
 Teleport Other           Tloc           17%        N/A       43%         3
 Ignite Poison            Fire/Alch      30%        N/A       50%         4
 Dimensional Bullseye     Hex/Tloc       8%         N/A       83%         4
 Dispel Undead            Necr           17%        3d10      83%         4
 Freezing Cloud           Conj/Ice/Air   11%        6-21      95%         5

Inventory:

Hand Weapons
 k - the +9 war axe of Equivalence (weapon) {flame, Dex+8}
   (You found it on level 3 of the Dungeon)

   Dex+8:     It affects your dexterity (+8).
Armour
 h - the +0 ring mail of Womilu (worn) {rPois Will+ Dex+3}
   (You found it on level 2 of the Dungeon)

   Dex+3:     It affects your dexterity (+3).
   rPois:     It protects you from poison.
   Will+:     It increases your willpower.
 n - a +0 pair of gloves (worn)
 x - a +2 helmet (worn)
 D - a +1 cloak (worn)
 E - a +2 hat
Jewellery
 i - a +6 ring of intelligence
 s - an amulet of regeneration (around neck)
 t - a +4 ring of protection (right hand)
 C - a ring of protection from cold
 M - a ring of magical power (left hand)
 N - a ring of positive energy
 T - a +4 ring of protection
Wands
 u - a wand of flame (24)
 v - a wand of roots (3)
 A - a wand of paralysis (10)
 B - a wand of polymorph (6)
Scrolls
 c - a scroll of vulnerability
 d - 2 scrolls of noise
 e - a scroll of fear
 j - a scroll of blinking
 l - 2 scrolls of revelation
 m - 4 scrolls of immolation
 o - 2 scrolls of fog
 r - a scroll of enchant armour
Potions
 a - 4 potions of mutation
 b - a potion of magic
 f - a potion of heal wounds {unknown}
 g - 4 potions of might
 q - 2 potions of lignification
 w - a potion of degeneration {unknown}
 z - a potion of haste {@q3}
 F - a potion of ambrosia
 G - a potion of curing {@q1}

Dungeon Overview and Level Annotations

Branches:
Dungeon (10/15)            Temple (1/1) D:6          Bailey (visited)
   Lair: D:8-11         Orc: D:9-12

Altars:
Ashenzari
Cheibriados
Dithmenos
Elyvilon
Fedhas
Gozag
Hepliaklqana
Kikubaaqudgha
Makhleb
Nemelex Xobeh
Okawaru
Qazlal
Ru
Sif Muna
Trog
Uskayaw
Vehumet
Wu Jian
Xom
Yredelemnul
Zin
The Shining One

Annotations:
D:10 Nergalle

#.....###...##......#
#......#...##.......##
#.........###........###
#........##............#
#.......................
#.......................
#......<.......##.##....
. #...........######
###.. .. #......@....##
#.... ...
##..........(.## ......
[...###...r○°)ZZ......
......
#......5ho○○........
......
####....r..°........
...... ##......<....#...
..... #.######...#####
#.. ##### #..#


You could see Nergalle (distracted, ally target), a spectral orc warrior
(summoned), a spectral orc knight (summoned), a friendly cerulean imp
(summoned), 2 friendly quokkas and a friendly inugami (summoned).


Message History

You hear two shouts!
Unknown command.
Unknown command.
Unknown command.
Unknown command.
Unknown command.
Unknown command.
Your quokka barely misses Nergalle.
Your quokka misses Nergalle.
Your cerulean imp hits Nergalle from afar with a +1 spear.
Nergalle is engulfed in blazing flames.
Nergalle hits your inugami but does no damage.
The spectral orc warrior barely misses you.
Your inugami misses Nergalle.
The spectral orc knight hits you from afar with a +0 halberd!
* * * LOW HITPOINT WARNING * * *
Your quokka bites Nergalle but does no damage.
Unknown command.
Unknown command.
Unknown command.
Your quokka bites Nergalle but does no damage.
Your quokka barely misses Nergalle.
Your cerulean imp hits Nergalle but does no damage.
Nergalle is engulfed in blazing flames.
Nergalle hits your inugami with a +0 dagger.
Your quokka barely misses Nergalle.
Your inugami hits Nergalle.
The spectral orc warrior attacks as it pursues you!
The spectral orc warrior hits you but does no damage.
The spectral orc knight attacks as it pursues you!
The spectral orc knight hits you from afar with a +0 halberd.
You die...

Skill      XL: |  1  2  3  4  5  6  7  8  9 10 |
---------------+-------------------------------+-----
Spellcasting   | 4 5 6 8 10 12 14 | 14.0
Summonings     | 5 6 7 9 11 12 | 12.0
Fire Magic     | 1 2 4 5 |  5.0
Air Magic      | 3 |  3.7
Fighting       | 2 |  2.7
Dodging        | 4 |  4.9
Stealth        | |  2.4

Action                     |  1- 3 |  4- 6 |  7- 9 | 10-12 || total
---------------------------+-------+-------+-------+-------++-------
  Melee: Unarmed           |    26 |     3 |       |       ||    29
         War axe           |       |    24 |    59 |    19 ||   102
   Cast: Summon Small Mamm |    53 |    43 |    50 |    16 ||   162
         Call Imp          |    16 |    30 |    32 |    18 ||    96
         Call Canine Famil |     3 |    21 |    23 |    13 ||    60
         Summon Blazeheart |       |       |     2 |    14 ||    16
  Evoke: Wand              |       |       |     2 |     2 ||     4
    Use: Potion            |     2 |       |     2 |     1 ||     5
         Scroll            |       |       |     7 |    11 ||    18
   Stab: Sleeping          |     1 |       |       |       ||     1
         Distracted        |       |     1 |     3 |       ||     4
 Armour: Robe              |    51 |     3 |       |       ||    54
         Ring mail         |       |    38 |   110 |    43 ||   191
  Dodge: Dodged            |    54 |    26 |    59 |    16 ||   155

Levels and vault maps discovered:
D:1:      lemuel_arrival_room, layout_loops_corners,
          dreamdust_ecumenical_altar_drowned_temple
D:2:      layout_basic, minmay_lizard_king, uniq_terence
D:3:      layout_loops_ring
D:4:      layout_basic, dk_vineyard_2, sigmund_army
D:5:      layout_basic, gammafunk_temple_overflow_claw, wad_floor_pattern_1
D:6:      layout_basic, minmay_temple_entry_drinking_statues
D:7:      layout_loops_ring, hangedman_abyss_or_decor_stagger,
          uniq_prince_ribbit1
D:8:      layout_layer_cave, minitemple, enter_bailey_5
D:9:      layout_long_grid, water_boxes_lemuel, uniq_maurice
D:10:     layout_cave_pods, erik_lair_dragon, uniq_nergalle
Temple:   regret_index_temple_generic_petals

Notes
Turn   | Place    | Note
-------+----------+-------------------------------------------
     0 | D:1      | cforsyth the Deep Elf Summoner began the quest for the Orb.
     0 | D:1      | Reached XP level 1. HP: 10/10 MP: 6/6
   270 | D:1      | Reached XP level 2. HP: 15/15 MP: 2/8
   621 | D:1      | Learned a level 2 spell: Call Imp
  1120 | D:1      | Found a faded altar of an unknown god.
  1369 | D:1      | Reached skill level 4 in Spellcasting
  1471 | D:1      | HP: 1/15 [dart slug/slug dart (2)]
  1473 | D:1      | Reached XP level 3. HP: 2/19 MP: 5/10
  1474 | D:1      | Reached skill level 5 in Summonings
  1518 | D:1      | Learned a level 3 spell: Call Canine Familiar
  1956 | D:2      | Noticed Terence
  1973 | D:2      | Killed Terence
  1974 | D:2      | Reached skill level 1 in Fire Magic
  1974 | D:2      | Reached XP level 4. HP: 24/24 MP: 5/12
  2557 | D:2      | Identified the +0 ring mail of Womilu {rPois Will+ Dex+3}
  3320 | D:3      | Identified the +9 war axe of Equivalence {flame, Dex+8}
  3934 | D:4      | Reached skill level 5 in Spellcasting
  4022 | D:4      | Noticed a kobold brigand
  4049 | D:4      | Killed a kobold brigand
  4050 | D:4      | Reached skill level 2 in Fire Magic
  4050 | D:4      | Reached XP level 5. HP: 28/28 MP: 5/14
  4566 | D:4      | Reached skill level 6 in Summonings
  4566 | D:4      | Reached XP level 6. HP: 32/32 MP: 11/16
  4645 | D:4      | Reached skill level 3 in Fire Magic
  5079 | D:5      | Entered Level 5 of the Dungeon
  5173 | D:5      | Reached skill level 6 in Spellcasting
  5507 | D:5      | Found a hide-covered altar of Uskayaw.
  5507 | D:5      | Found an ancient bone altar of Kikubaaqudgha.
  5507 | D:5      | Found a shimmering altar of Xom.
  5645 | D:5      | Reached skill level 4 in Fire Magic
  5645 | D:5      | Reached XP level 7. HP: 36/36 MP: 9/18
  5991 | D:6      | Found a staircase to the Ecumenical Temple.
  6011 | D:5      | Reached skill level 7 in Spellcasting
  6065 | D:5      | Reached skill level 7 in Summonings
  6126 | Temple   | Entered the Ecumenical Temple
  6490 | D:6      | Reached skill level 5 in Fire Magic
  7497 | D:7      | Reached skill level 8 in Spellcasting
  7497 | D:7      | Reached XP level 8. HP: 37/41 MP: 15/22
  7892 | D:7      | Reached skill level 8 in Summonings
  7935 | D:7      | Reached skill level 9 in Spellcasting
  8005 | D:7      | Noticed Prince Ribbit
  8048 | D:7      | Killed Prince Ribbit
  8080 | D:7      | Reached skill level 9 in Summonings
  8193 | D:7      | Reached skill level 10 in Spellcasting
  8198 | D:7      | Learned a level 4 spell: Summon Blazeheart Golem
  8403 | D:7      | Reached XP level 9. HP: 45/45 MP: 19/25
  8738 | D:8      | Found a basalt altar of Yredelemnul.
  8739 | D:8      | Found a shimmering blue altar of Sif Muna.
  8747 | D:8      | Became a worshipper of Sif Muna the Loreminder
  8800 | D:8      | Found a flagged portal.
  8863 | Bailey   | Entered a bailey
  8997 | Bailey   | Reached skill level 11 in Spellcasting
  8997 | Bailey   | Reached skill level 10 in Summonings
  9129 | Bailey   | Reached skill level 12 in Spellcasting
  9268 | Bailey   | Noticed a vault guard
  9274 | Bailey   | Reached * piety under Sif Muna
  9275 | Bailey   | Reached skill level 11 in Summonings
  9290 | Bailey   | Killed a vault guard
  9291 | Bailey   | Reached XP level 10. HP: 20/50 MP: 25/28
  9357 | Bailey   | Noticed a vault guard
  9383 | Bailey   | Killed a vault guard
  9384 | Bailey   | Reached skill level 13 in Spellcasting
  9842 | D:8      | Reached skill level 12 in Summonings
  9981 | D:8      | Found a broken altar of Ashenzari.
  9982 | D:8      | Found a blossoming altar of Fedhas.
 10686 | D:9      | Learned a level 4 spell: Summon Lightning Spire
 10905 | D:9      | Noticed Maurice
 10925 | D:9      | Reached skill level 1 in Air Magic
 10949 | D:9      | Something stole a +6 ring of intelligence
 10956 | D:9      | Killed Maurice
 10957 | D:9      | Reached skill level 1 in Fighting
 10957 | D:9      | Reached skill level 3 in Dodging
 11072 | D:9      | Reached skill level 2 in Air Magic
 11202 | D:9      | Reached skill level 14 in Spellcasting
 11203 | D:9      | Reached skill level 2 in Fighting
 11203 | D:9      | Reached skill level 4 in Dodging
 11204 | D:9      | Reached skill level 3 in Air Magic
 11738 | D:10     | Entered Level 10 of the Dungeon
 11915 | D:10     | Noticed Nergalle
 11933 | D:10     | HP: 2/50 [spectral orc knight/+0 halberd[Nergalle] (8)]
 11934 | D:10     | Slain by a spectral orc knight

Vanquished Creatures
  2 vault guards (Bailey)
  Maurice (D:9)
  Prince Ribbit (D:7)
  A shadow (D:10)
  A wyvern (D:7)
  4 humans (Bailey)
  5 yaks (D:9)
  A water moccasin (D:7)
  3 orc warriors (D:9)
  8 bullfrogs
  3 wights (D:8)
  An electric eel (D:9)
  2 orc priests
  A hound (D:5)
  An orc wizard (D:9)
  2 gnolls
  2 ufetubi
  11 orcs
  A ball python (D:1)
  A goblin (Bailey)
  3 hobgoblins
  A bat (D:3)
56 creatures vanquished.

Vanquished Creatures (collateral kills)
  A troll (D:9)
  A blink frog (Bailey)
  An acid dragon (D:9)
  A water moccasin (D:7)
  2 ice beasts (D:7)
  2 phantoms (D:5)
  A kobold brigand (D:4)
  5 bullfrogs
  3 scorpions
  4 wights
  2 howler monkeys (D:9)
  A jelly (D:5)
  A hound (D:6)
  8 orc priests
  An iguana (D:5)
  Terence (D:2)
  8 orc wizards
  3 gnolls (D:4)
  4 adders
  A shadow imp (D:5)
  A white imp (D:7)
  2 ufetubi
  2 dart slugs (D:1)
  2 ribbon worms
  15 orcs
  6 ball pythons
  6 endoplasms (D:1)
  3 giant cockroaches (D:1)
  14 hobgoblins
  5 jackals
  2 quokkas
  4 bats
  8 frilled lizards
  10 goblins
  6 kobolds
  4 rats
141 creatures vanquished.

Vanquished Creatures (others)
  11 blazeheart cores
11 creatures vanquished.

Grand Total: 208 creatures vanquished

Table legend: (Time is in decaauts)
 A = Elapsed time spent in this place.
 B = Non-inter-level travel time spent in this place.
 C = Inter-level travel time spent in this place.
 D = Time resting spent in this place.
 E = Time spent auto-exploring this place.
 F = Levels seen in this place.
 G = Mean time per level.
                   A        B        C        D        E       F      G
               +--------+--------+--------+--------+--------+-----+--------+
         Total |  12000 |  11697 |    303 |   1240 |   7985 |  12 | 1000.0 |
       Dungeon |  11276 |  10973 |    303 |    826 |   7985 |  10 | 1127.6 |
        Temple |      1 |      1 |      0 |      0 |      0 |   1 |    1.0 |
        Bailey |    722 |    722 |      0 |    414 |      0 |   1 |  722.0 |
               +--------+--------+--------+--------+--------+-----+--------+

Top non-repeatable levels by time:
     D:1: 1658 daAuts
     D:2: 1424 daAuts
     D:6: 1388 daAuts
     D:4: 1372 daAuts
     D:7: 1300 daAuts
     D:8: 1173 daAuts
     D:9: 1102 daAuts
     D:5: 857 daAuts
     D:3: 800 daAuts
  Bailey: 722 daAuts
    D:10: 197 daAuts
  Temple: 1 daAuts

Table legend:
 A = Non-vault XP
 B = Vault XP
 C = Vault XP percentage of total XP
 D = Non-vault monster count
 E = Vault monster count
 F = Vault count percentage of total count
                 A         B        C        D         E       F
            +---------+---------+-------+---------+---------+-------
      Total |    5596 |    4568 |  44.9 |     151 |      46 |  23.4
            +---------+---------+-------+---------+---------+-------
        D:1 |      52 |       0 |   0.0 |      28 |       0 |   0.0
        D:2 |      36 |      43 |  54.4 |      14 |       8 |  36.4
        D:3 |      30 |       0 |   0.0 |      10 |       0 |   0.0
        D:4 |     340 |      12 |   3.4 |      22 |       6 |  21.4
        D:5 |     605 |       0 |   0.0 |      14 |       0 |   0.0
        D:6 |     229 |       0 |   0.0 |       9 |       0 |   0.0
        D:7 |    1332 |     259 |  16.3 |      19 |       1 |   5.0
        D:8 |     558 |       8 |   1.4 |      13 |       4 |  23.5
        D:9 |    2191 |     512 |  18.9 |      21 |       1 |   4.5
       D:10 |     223 |       0 |   0.0 |       1 |       0 |   0.0
     Bailey |       0 |    3734 | 100.0 |       0 |      26 | 100.0
            +---------+---------+-------+---------+---------+-------
